Map: Black Site 2E

Players

tglanz

  • Race: Terran Terran
  • Spawn Location: 6:00

Rovspore

  • Race: Zerg Zerg
  • Spawn Location: 3:00

healing

  • Race: Zerg Zerg
  • Spawn Location: 5:00

VOD

Have the link to the VOD?

Description

Time

  • Played on: June 18, 2018, 3:07 p.m.
  • Length: 8:01
Show
View Real Time Build Order
Export as new Build Order

tglanz Terran 

Build Orders:  

Get SALT Encoding   

  12  0:01  SCV  
  13  0:18  SCV  
  14  0:26  Supply Depot  
  14  0:35  SCV  
  15  0:56  SCV  
  16  1:00  Barracks  
  16  1:13  SCV, Refinery  
  17  1:30  SCV  
  18  1:47  SCV  
  19  2:05  Orbital Command  
  19  2:19  Command Center  
  19  2:27  Marine  
  20  2:34  Supply Depot  
  20  2:42  SCV  
  20  2:47  Refinery  
  21  2:54  Marine  
  22  3:01  SCV  
  23  3:13  Barracks  
  23  3:19  SCV  
  24  3:38  Factory  
  24  3:39  SCV  
  25  3:42  Barracks Tech Lab  
  25  3:56  Engineering Bay  
  25  3:59  Engineering Bay  
  25  4:12  Orbital Command  
  25  4:20  Stimpack  
  25  4:35  SCV  
  26  4:46  Terran Infantry Weapons Level 1, Terran Infantry Armor Level 1  
  26  4:51  SCV  
  26  4:59  Marine, Barracks Reactor  
  28  5:02  Marine  
  28  5:07  Factory Reactor  
  29  5:16  SCV x2  
  31  5:23  Supply Depot  
  31  5:31  Marine x2  
  31  5:33  SCV x2  
  35  5:50  SCV x2  
  35  5:52  Armory  
  35  5:57  Supply Depot  
  35  5:59  Marine  
  38  6:00  Marine  
  38  6:07  SCV x2  
  41  6:20  Factory Reactor  
  41  6:27  Marine  
  42  6:34  SCV x2  
  42  6:39  Starport  
  44  6:41  Refinery  
  44  6:43  Refinery  
  44  6:44  Marine  
  44  6:45  Marine, Supply Depot  
  46  6:51  SCV x2  
  46  6:52  Marine  
  49  7:08  SCV x2  
  51  7:13  Marine x2  
  53  7:42  SCV x2, Factory Tech Lab  
  55  7:55  Supply Depot  
Show
View Real Time Build Order
Export as new Build Order

Rovspore Zerg 

Build Orders:  

Get SALT Encoding   

  12  0:15  Overlord  
  12  0:21  Drone  
  12  0:25  Drone  
  14  0:41  Drone  
  14  0:48  Drone  
  16  1:16  Hatchery  
  16  1:18  Drone  
  16  1:21  Drone  
  17  1:35  Extractor  
  17  1:37  Drone  
  17  1:52  Spawning Pool  
  17  1:55  Drone  
  17  2:17  Extractor  
  17  2:18  Drone x2  
  18  2:32  Overlord  
  18  2:58  Queen  
  20  3:00  Queen  
  20  3:02  Zergling x2  
  20  3:04  Zergling x2  
  20  3:07  Zergling x2  
  25  3:22  Drone  
  26  3:39  Drone x2  
  28  3:44  Zergling x2  
  29  4:04  Queen  
  29  4:06  Drone x2, Metabolic Boost  
  29  4:07  Drone  
  34  4:12  Drone  
  35  4:29  Roach Warren  
  34  4:33  Drone  
  34  4:35  Drone  
  36  4:58  Overlord  
  36  4:59  Overlord  
  36  5:14  Evolution Chamber  
  36  5:17  Overlord  
  35  5:31  Lair  
  35  5:44  Drone x3  
  35  5:45  Drone x4  
  42  6:13  Roach  
  42  6:14  Roach x3  
  50  6:28  Evolution Chamber  
  49  6:35  Infestation Pit  
  49  6:37  Drone x4  
  52  6:41  Drone  
  52  6:45  Roach  
  55  7:04  Drone x3  
  58  7:13  Extractor  
  58  7:15  Extractor  
  56  7:23  Spine Crawler  
  56  7:24  Spine Crawler  
Show
View Real Time Build Order
Export as new Build Order

healing Zerg 

Build Orders:  

Get SALT Encoding   

  12  2:04  Drone x2  
  12  2:08  Extractor  
  13  2:10  Extractor  
  13  2:15  Drone  
  13  2:21  Hatchery  
  13  2:27  Spawning Pool  
  11  2:52  Drone x2  
  11  2:53  Drone  
  14  3:14  Overlord  
  14  3:17  Hatchery  
  13  3:29  Drone  
  14  3:59  Drone  
  15  4:00  Drone  
  15  4:01  Drone  
  15  4:09  Drone  
  18  4:19  Drone  
  19  4:23  Drone  
  20  4:49  Drone x3  
  23  5:00  Drone x2  
  23  5:02  Extractor x2, Drone  
  24  5:16  Drone x2  
  24  5:18  Pneumatized Carapace  
  26  5:22  Drone  
  27  5:35  Lair  
  27  5:38  Drone x3  
  30  5:41  Drone  
  30  5:48  Drone  
  32  6:03  Drone  
  32  6:04  Overlord, Drone  
  34  6:55  Drone x2  
  34  6:56  Drone x4  
  34  6:57  Drone x2  
  42  7:00  Overlord  
  42  7:10  Hydralisk Den  
  42  7:14  Infestation Pit  
  42  7:17  Drone x2  
  42  7:37  Drone x4  
  46  7:42  Extractor  
Tags
 
Add a new tag
Caveats
  • Supply blocks, unpowered buildings, or Contaminate may cause inaccurate times.
  • Supply counts are checked every 10 seconds.